[gd_scene load_steps=18 format=3 uid="uid://bhp64xc3lu4ln"]

[ext_resource type="Texture2D" uid="uid://te2iw82iew31" path="res://assets/images/characters/court/edgeworth/pissed/pose.png" id="1_uy54q"]
[ext_resource type="Texture2D" uid="uid://ccn4ph2hu753j" path="res://assets/images/characters/court/edgeworth/pissed/finger0.png" id="2_wrbir"]
[ext_resource type="Texture2D" uid="uid://dkjsugyxam07x" path="res://assets/images/characters/court/edgeworth/pissed/finger1.png" id="3_h1qwr"]
[ext_resource type="Texture2D" uid="uid://dads1n2ugvaw2" path="res://assets/images/characters/court/edgeworth/pissed/eye0.png" id="4_uy54q"]
[ext_resource type="Texture2D" uid="uid://66gg8am41ymm" path="res://assets/images/characters/court/edgeworth/pissed/eye1.png" id="5_wrbir"]
[ext_resource type="Texture2D" uid="uid://cu12dsaigtm5d" path="res://assets/images/characters/court/edgeworth/pissed/mouth0.png" id="6_h1qwr"]
[ext_resource type="Texture2D" uid="uid://bgur8naim3tqk" path="res://assets/images/characters/court/edgeworth/pissed/mouth1.png" id="7_xr6f7"]

[sub_resource type="GDScript" id="GDScript_uy54q"]
script/source = "extends CharacterSprite


func animate_body():
	
	for i in 4:
		BodyAnimation.play(\"Body\")
		await BodyAnimation.animation_finished

	BodyTimer.start([2., 3., 4.].pick_random())
	return
"

[sub_resource type="Animation" id="Animation_j6pco"]
resource_name = "Eyes"
length = 0.3
tracks/0/type = "value"
tracks/0/imported = false
tracks/0/enabled = true
tracks/0/path = NodePath("Eyes/Eyes0:visible")
tracks/0/interp = 1
tracks/0/loop_wrap = true
tracks/0/keys = {
"times": PackedFloat32Array(0.07, 0.14, 0.21, 0.28),
"transitions": PackedFloat32Array(1, 1, 1, 1),
"update": 1,
"values": [true, false, true, false]
}
tracks/1/type = "value"
tracks/1/imported = false
tracks/1/enabled = true
tracks/1/path = NodePath("Eyes/Eyes1:visible")
tracks/1/interp = 1
tracks/1/loop_wrap = true
tracks/1/keys = {
"times": PackedFloat32Array(0.07, 0.14, 0.21),
"transitions": PackedFloat32Array(1, 1, 1),
"update": 1,
"values": [false, true, false]
}

[sub_resource type="Animation" id="Animation_xaqat"]
length = 0.001
tracks/0/type = "value"
tracks/0/imported = false
tracks/0/enabled = true
tracks/0/path = NodePath("Eyes/Eyes0:visible")
tracks/0/interp = 1
tracks/0/loop_wrap = true
tracks/0/keys = {
"times": PackedFloat32Array(0),
"transitions": PackedFloat32Array(1),
"update": 1,
"values": [false]
}
tracks/1/type = "value"
tracks/1/imported = false
tracks/1/enabled = true
tracks/1/path = NodePath("Eyes/Eyes1:visible")
tracks/1/interp = 1
tracks/1/loop_wrap = true
tracks/1/keys = {
"times": PackedFloat32Array(0),
"transitions": PackedFloat32Array(1),
"update": 1,
"values": [false]
}

[sub_resource type="AnimationLibrary" id="AnimationLibrary_p5637"]
_data = {
&"Eyes": SubResource("Animation_j6pco"),
&"RESET": SubResource("Animation_xaqat")
}

[sub_resource type="Animation" id="Animation_nn1gf"]
resource_name = "Mouth"
length = 0.6
loop_mode = 1
tracks/0/type = "value"
tracks/0/imported = false
tracks/0/enabled = true
tracks/0/path = NodePath("Mouth/Mouth0:visible")
tracks/0/interp = 1
tracks/0/loop_wrap = true
tracks/0/keys = {
"times": PackedFloat32Array(0, 0.15, 0.3, 0.45),
"transitions": PackedFloat32Array(1, 1, 1, 1),
"update": 1,
"values": [false, true, false, true]
}
tracks/1/type = "value"
tracks/1/imported = false
tracks/1/enabled = true
tracks/1/path = NodePath("Mouth/Mouth1:visible")
tracks/1/interp = 1
tracks/1/loop_wrap = true
tracks/1/keys = {
"times": PackedFloat32Array(0, 0.15, 0.3, 0.45),
"transitions": PackedFloat32Array(1, 1, 1, 1),
"update": 1,
"values": [false, false, true, false]
}

[sub_resource type="Animation" id="Animation_uy54q"]
resource_name = "RESET"
length = 0.001
tracks/0/type = "value"
tracks/0/imported = false
tracks/0/enabled = true
tracks/0/path = NodePath("Mouth/Mouth0:visible")
tracks/0/interp = 1
tracks/0/loop_wrap = true
tracks/0/keys = {
"times": PackedFloat32Array(0),
"transitions": PackedFloat32Array(1),
"update": 1,
"values": [false]
}
tracks/1/type = "value"
tracks/1/imported = false
tracks/1/enabled = true
tracks/1/path = NodePath("Mouth/Mouth1:visible")
tracks/1/interp = 1
tracks/1/loop_wrap = true
tracks/1/keys = {
"times": PackedFloat32Array(0),
"transitions": PackedFloat32Array(1),
"update": 1,
"values": [false]
}

[sub_resource type="AnimationLibrary" id="AnimationLibrary_g8sju"]
_data = {
&"Mouth": SubResource("Animation_nn1gf"),
&"RESET": SubResource("Animation_uy54q")
}

[sub_resource type="Animation" id="Animation_sckss"]
resource_name = "Body"
length = 0.52
step = 0.13
tracks/0/type = "value"
tracks/0/imported = false
tracks/0/enabled = true
tracks/0/path = NodePath("Body/Body0:visible")
tracks/0/interp = 1
tracks/0/loop_wrap = true
tracks/0/keys = {
"times": PackedFloat32Array(0, 0.13, 0.26, 0.39),
"transitions": PackedFloat32Array(1, 1, 1, 1),
"update": 1,
"values": [true, false, true, false]
}
tracks/1/type = "value"
tracks/1/imported = false
tracks/1/enabled = true
tracks/1/path = NodePath("Body/Body1:visible")
tracks/1/interp = 1
tracks/1/loop_wrap = true
tracks/1/keys = {
"times": PackedFloat32Array(0, 0.13, 0.26),
"transitions": PackedFloat32Array(1, 1, 1),
"update": 1,
"values": [false, true, false]
}

[sub_resource type="Animation" id="Animation_8hw2c"]
length = 0.001
tracks/0/type = "value"
tracks/0/imported = false
tracks/0/enabled = true
tracks/0/path = NodePath("Body/Body0:visible")
tracks/0/interp = 1
tracks/0/loop_wrap = true
tracks/0/keys = {
"times": PackedFloat32Array(0),
"transitions": PackedFloat32Array(1),
"update": 1,
"values": [false]
}
tracks/1/type = "value"
tracks/1/imported = false
tracks/1/enabled = true
tracks/1/path = NodePath("Body/Body1:visible")
tracks/1/interp = 1
tracks/1/loop_wrap = true
tracks/1/keys = {
"times": PackedFloat32Array(0),
"transitions": PackedFloat32Array(1),
"update": 1,
"values": [false]
}

[sub_resource type="AnimationLibrary" id="AnimationLibrary_lnmdj"]
_data = {
&"Body": SubResource("Animation_sckss"),
&"RESET": SubResource("Animation_8hw2c")
}

[node name="EdgCourtPissed" type="Node2D" node_paths=PackedStringArray("BodyTimer", "BodyAnimation", "EyeTimer", "EyesAnimation", "MouthAnimation")]
script = SubResource("GDScript_uy54q")
char_name = "Edgeworth"
BodyTimer = NodePath("Body/Timer")
BodyAnimation = NodePath("BodyAnimation")
EyeTimer = NodePath("Eyes/Timer")
EyesAnimation = NodePath("EyesAnimation")
MouthAnimation = NodePath("MouthAnimation")
metadata/_custom_type_script = "uid://bqstj7ubfag1c"

[node name="EyesAnimation" type="AnimationPlayer" parent="."]
libraries = {
&"": SubResource("AnimationLibrary_p5637")
}

[node name="MouthAnimation" type="AnimationPlayer" parent="."]
libraries = {
&"": SubResource("AnimationLibrary_g8sju")
}

[node name="BodyAnimation" type="AnimationPlayer" parent="."]
libraries = {
&"": SubResource("AnimationLibrary_lnmdj")
}

[node name="BaseLayer" type="Sprite2D" parent="."]
position = Vector2(1272, 488)
texture = ExtResource("1_uy54q")

[node name="Body" type="Node2D" parent="."]

[node name="Timer" type="Timer" parent="Body"]
wait_time = 2.0
one_shot = true

[node name="Body0" type="Sprite2D" parent="Body"]
visible = false
position = Vector2(1461, 541.5)
texture = ExtResource("2_wrbir")

[node name="Body1" type="Sprite2D" parent="Body"]
visible = false
position = Vector2(1461, 541.5)
texture = ExtResource("3_h1qwr")

[node name="Eyes" type="Node2D" parent="."]
position = Vector2(1363, 971)

[node name="Timer" type="Timer" parent="Eyes"]
wait_time = 3.0
one_shot = true
autostart = true

[node name="Eyes0" type="Sprite2D" parent="Eyes"]
visible = false
position = Vector2(-145, -807.5)
texture = ExtResource("4_uy54q")

[node name="Eyes1" type="Sprite2D" parent="Eyes"]
visible = false
position = Vector2(-145, -807.5)
texture = ExtResource("5_wrbir")

[node name="Mouth" type="Node2D" parent="."]
position = Vector2(1363, 971)

[node name="Mouth0" type="Sprite2D" parent="Mouth"]
visible = false
position = Vector2(-100.5, -672.5)
texture = ExtResource("6_h1qwr")

[node name="Mouth1" type="Sprite2D" parent="Mouth"]
visible = false
position = Vector2(-100.5, -699.5)
texture = ExtResource("7_xr6f7")
